 Dungeon Crawl Stone Soup version 0.30.0-29-ga12c61a403 (webtiles) character file.

Game seed: 14770354598169468312

428 seaoflcl the Chopper (level 6, -7/56 HPs)
             Began as a Minotaur Fighter on June 9, 2023.
             Mangled by an ogre
             ... wielding a +0 giant club
              (12 damage)
             ... on level 4 of the Dungeon.
             The game lasted 00:02:56 (2757 turns).

seaoflcl the Chopper (Minotaur Fighter)             Turns: 2757, Time: 00:02:56

Health: -7/56      AC: 12    Str: 22    XL:     6   Next: 65%
Magic:  5/5        EV:  6    Int:  5    God:
Gold:   188        SH:  5    Dex: 10    Spells: 5/5 levels left

rFire   . . .        a - +0 war axe
rCold   . . .        c - +0 buckler
rNeg    . . .        q - +0 plate armour
rPois   .            (helmet restricted)
rElec   .            (no cloak)
rCorr   .            (no gloves)
SInv    .            (no boots)
Will    .....        (no amulet) Stlth
                     (no ring)
HPRegen 0.29/turn    (no ring)
MPRegen 0.09/turn

%: no passive effects
@: mighty
A: horns 2, retaliatory headbutt
a: no special abilities


You were on level 4 of the Dungeon.
You visited 1 branch of the dungeon, and saw 4 of its levels.

You collected 188 gold pieces.

Inventory:

Hand Weapons
 a - a +0 war axe (weapon)
 s - a +0 short sword of venom
Missiles
 t - 4 poisoned darts (quivered)
Armour
 c - a +0 buckler (worn)
 q - a +0 plate armour (worn)
Scrolls
 b - a scroll of vulnerability {unknown}
 e - a scroll of enchant weapon {unknown}
 f - 2 scrolls of teleportation {unknown}
 g - a scroll of noise {unknown}
 h - 3 scrolls of immolation {unknown}
 j - 3 scrolls of identify {unknown}
 n - 2 scrolls of fear {unknown}
Potions
 d - a potion of might
 i - a potion of magic {unknown}
 k - a potion of curing {unknown}
 l - 2 potions of berserk rage {unknown}
 m - a potion of haste {unknown}
 o - a potion of degeneration {unknown}
 p - 2 potions of resistance {unknown}
 r - a potion of flight {unknown}


   Skills:
 + Level 5.2 Fighting
 * Level 5.6 Axes
 + Level 0.8 Throwing
 + Level 5.1 Armour
 + Level 5.1 Shields


You had 5 spell levels left.
You didn't know any spells.
Your spell library contained the following spells:

 Spells                   Type           Power      Damage    Failure   Level
 Magic Dart               Conj           0%         1d3       100%        1
 Call Imp                 Summ           0%         N/A       100%        2
 Mephitic Cloud           Conj/Pois/Air  0%         N/A       100%        3


Dungeon Overview and Level Annotations

Branches:
Dungeon (4/15)
 Temple: D:4-7

Altars:
Fedhas


Innate Abilities, Weirdness & Mutations

You have a pair of horns on your head.
You reflexively headbutt those who attack you in melee.


Message History

Eustachio is moderately wounded.
You block Eustachio's attack.
Eustachio hits you with a +3 rapier of speed.
You completely miss Eustachio.
Eustachio is moderately wounded.
Eustachio mumbles some strange words.
Eustachio blinks!
The crimson imp blinks!
Unknown command.
The crimson imp hits you.
Eustachio gestures wildly while chanting.
The crimson imp blinks!
Eustachio casts a spell.
You barely miss Eustachio. Your headbutt misses Eustachio.
Eustachio is moderately wounded.
You slash the white imp! You block Eustachio's attack.
Eustachio barely misses you. The white imp hits you. The white imp freezes you.
You slash Eustachio!
Eustachio is severely wounded.
You hit the iron imp. You closely miss the white imp.
Eustachio mumbles some strange words.
The iron imp hits you. The white imp gestures at you.
The puff of frost hits you.
You slash Eustachio!
You kill Eustachio!
The iron imp disappears in a puff of smoke!
The white imp disappears in a puff of smoke!
The bat disappears in a puff of smoke!
The quokka disappears in a puff of smoke!
Your Fighting skill increases to level 5!
Your Armour skill increases to level 5!
Your Shields skill increases to level 5!
Unknown command.
You barely miss the ogre. The ogre hits you with a +0 giant club!
* * * LOW HITPOINT WARNING * * *
You slash the ogre!
The ogre is heavily wounded.
The ogre hits you with a +0 giant club!
You die...

...........#....#.....###..#
......<##.....#........##..#
#............#.......#..#
###..))....#.........#..##
###................#....
#.)...)####.....###.##
#...#............##.##
#####.#..O###........##.##
##...#....@# #.............
#....<..ยง.)####........[..#
#.......................##.#
#..............#....##..##..
...............##....##..###.
###........>........###......
##...##...####............~
#### ##### ####........PP
#.......P~~


You could see an ogre.

Vanquished Creatures
  Eustachio (D:4)
  A howler monkey (D:4)
  2 orc priests (D:4)
  An iguana (D:3)
  An orc wizard (D:3)
  Terence (D:2)
  Robin (D:2)
  3 adders
  3 dart slugs
  6 orcs
  7 ball pythons
  3 bats (D:1)
  8 endoplasms
  4 giant cockroaches
  9 goblins
  9 hobgoblins
  3 kobolds
  3 quokkas
  2 frilled lizards (D:1)
  6 rats
74 creatures vanquished.

Notes
Turn   | Place    | Note
-------+----------+-------------------------------------------
     0 | D:1      | seaoflcl the Minotaur Fighter began the quest for the Orb.
     0 | D:1      | Reached XP level 1. HP: 19/19 MP: 0/0
   243 | D:1      | Reached XP level 2. HP: 24/27 MP: 1/1
   883 | D:1      | Reached XP level 3. HP: 31/33 MP: 2/2
  1083 | D:2      | Noticed Robin
  1095 | D:2      | Killed Robin
  1309 | D:2      | Reached XP level 4. HP: 40/40 MP: 3/3
  1339 | D:2      | Noticed Terence
  1346 | D:2      | Killed Terence
  1892 | D:3      | Reached XP level 5. HP: 39/47 MP: 4/4
  1968 | D:3      | Found a blossoming altar of Fedhas.
  2527 | D:4      | Reached skill level 5 in Axes
  2598 | D:4      | Reached XP level 6. HP: 55/55 MP: 5/5
  2718 | D:4      | Noticed Eustachio
  2755 | D:4      | Killed Eustachio
  2756 | D:4      | Reached skill level 5 in Fighting
  2756 | D:4      | Reached skill level 5 in Armour
  2756 | D:4      | Reached skill level 5 in Shields
  2757 | D:4      | Mangled by an ogre

Illustrated notes

Levels and vault maps discovered:
D:1:      minmay_arrival_doors, layout_loops_corners
D:2:      layout_loops_ring, minmay_tetromino_t2, uniq_terence, uniq_robin
D:3:      layout_basic, fedhas_altar_2, minmay_liquid_box, minmay_misc_feat_chi,
          minmay_misc_feat_tower, serial_bayou_lake_a
D:4:      layout_rooms, serial_bayou_pond_b, uniq_eustachio

Skill      XL: |  1  2  3  4  5  6 |
---------------+-------------------+-----
Axes           | 3 4 5 |  5.6
Fighting       | 4 5 |  5.2
Armour         | 4 5 |  5.1
Shields        | 4 5 |  5.1
Throwing       | |  0.8

Action                     |  1- 3 |  4- 6 || total
---------------------------+-------+-------++-------
  Melee: War axe           |    69 |    80 ||   149
         Headbutt          |     9 |    10 ||    19
    Use: Potion            |       |     1 ||     1
 Armour: Scale mail        |    28 |       ||    28
         Plate armour      |       |    48 ||    48
  Dodge: Dodged            |    36 |    30 ||    66
  Block: Buckler           |    12 |    24 ||    36
